 Dungeon Crawl Stone Soup version 0.24-a0-292-g5c6fb1c (webtiles) character file.

Game seed: 12399151051176336658

359 Megalobster the Chopper (level 6, -8/84 HPs)
             Began as a Hill Orc Fighter on May 10, 2019.
             Was an Initiate of Beogh.
             Mangled by Pikel
             ... wielding a +0 whip of electrocution
              (16 damage)
             ... on level 6 of the Dungeon.
             The game lasted 00:09:12 (4074 turns).

Megalobster the Chopper (Hill Orc Fighter)          Turns: 4074, Time: 00:09:13

Health: -8/84      AC: 19    Str: 21    XL:     6   Next: 65%
Magic:  7/7        EV:  2    Int:  8    God:    Beogh [......]
Gold:   322        SH:  9    Dex: 10    Spells: 5/5 levels left

rFire    . . .     SeeInvis .   a - +0 war axe
rCold    . . .     Gourm    .   c - +0 shield
rNeg     + + +     Faith    .   (armour currently unavailable)
rPois    +         Spirit   .   (helmet currently unavailable)
rElec    .         Reflect  .   (cloak currently unavailable)
rCorr    .         Harm     .   (gloves currently unavailable)
MR       .....     NoTele   +   (boots currently unavailable)
Stlth    +.........             (no amulet)
HPRegen  0.24/turn              e - ring of flight
MPRegen  0.10/turn              (no ring)

@: tree-form, corroded
A: no striking features
a: Renounce Religion


You were on level 6 of the Dungeon.
You worshipped Beogh.
Beogh was noncommittal.
You were not hungry.
You were a tree.
You visited 1 branch of the dungeon, and saw 6 of its levels.

You collected 322 gold pieces.

Inventory:

Hand Weapons
 a - a +0 war axe (weapon)
Missiles
 j - 143 stones (quivered)
Armour
 b - a +0 scale mail (melded)
 c - a +0 shield (worn)
 t - a +1 pair of gloves (melded)
 y - a +0 scale mail
Jewellery
 e - a ring of flight (left branch)
Scrolls
 k - 3 scrolls of teleportation
 m - 2 scrolls of remove curse {@r2}
 n - a scroll of immolation {unknown}
 o - 2 scrolls of fear {unknown}
 q - 2 scrolls of enchant weapon {unknown}
 r - a scroll of blinking {unknown}
 w - a scroll of enchant armour {unknown}
Potions
 d - 2 potions of might
 g - 3 potions of lignification
 h - 2 potions of invisibility {unknown}
 l - a potion of cancellation {unknown}
 p - 3 potions of flight
 s - 3 potions of curing {@q1}
 u - a potion of mutation {unknown}
 v - a potion of heal wounds
 x - a potion of ambrosia {unknown}
Comestibles
 f - 9 rations
 i - 2 chunks of flesh


   Skills:
 + Level 5.0 Fighting
 * Level 5.8 Axes
 + Level 4.5 Armour
 + Level 4.5 Shields
 + Level 1.4 Invocations


You had 5 spell levels left.
You didn't know any spells.
Your spell library contained the following spells:

 Spells                   Type           Power        Failure   Level  Hunger
 Animate Skeleton         Necr           N/A          86%         1    ##.....
 Pain                     Necr           #...         86%         1    ##.....
 Regeneration             Chrm/Necr      #.........   99%         3    ####...
 Vampiric Draining        Necr           #.........   99%         3    ####...
 Animate Dead             Necr           N/A          100%        4    #####..


Dungeon Overview and Level Annotations

Branches:
Dungeon (6/15)
 Temple: D:4-7

Altars:
Ashenzari
Fedhas

Annotations:
D:6 Pikel


Message History

You are electrocuted!
* * * LOW HITPOINT WARNING * * *
You block the slave's attack. x2; The jelly hits you.
* * * LOW HITPOINT WARNING * * *
You are splashed with acid!
* * * LOW HITPOINT WARNING * * *
The slave completely misses you. Pikel hits you but does no damage.
You take 24 damage, and have 12/84 hp.
MASSIVE DAMAGE!!
You hit Pikel but do no damage.
Pikel is heavily wounded.
You hit the jelly but do no damage.
Your branches burn!
* * * LOW HITPOINT WARNING * * *
You barely miss the slave. You hit the slave but do no damage.
Your shield prevents you from hitting the slave.
The slave hits you but does no damage. The slave hits you.
* * * LOW HITPOINT WARNING * * *
The jelly hits you but does no damage. You block the slave's attack.
Pikel hits you but does no damage.
You are electrocuted!
You die...

........#...'..#.......+
........#...#p.#.......#
##......#..###'#.......#
.#......#..##..#.......#
.#.....>#......#.......#
.'......+......#.......#
.#.....(#......#.......#
.#......#..)...pJ......#
.#......#####..#♣K.....#
.#..........####pp.....#
.#(.............p......#
.#.....................#
.#######...............#
#.................
######.....#####..
#.....# ....#


You could see Pikel, 4 slaves and a jelly.

Vanquished Creatures
  A water moccasin zombie (D:5)
  A jelly (D:5)
  An iguana (D:4)
  A worker ant (D:4)
  A hound skeleton (D:5)
  6 gnolls
  5 adders
  3 oozes
  An adder zombie (D:5)
  An adder skeleton (D:4)
  2 dart slugs (D:1)
  2 leopard geckos
  6 orcs (D:3)
  8 bats
  3 giant cockroaches
  11 goblins
  8 hobgoblins
  3 jackals
  6 frilled lizards
  9 kobolds
  9 rats
88 creatures vanquished.

Vanquished Creatures (others)
  A gnoll (D:5)
  An orc (D:5)
  A jackal (D:5)
3 creatures vanquished.

Grand Total: 91 creatures vanquished

Notes
Turn   | Place    | Note
-------+----------+-------------------------------------------
     0 | D:1      | Megalobster the Hill Orc Fighter began the quest for the
                  | Orb.
     0 | D:1      | Reached XP level 1. HP: 19/19 MP: 1/1
    98 | D:1      | Reached XP level 2. HP: 25/27 MP: 2/2
   279 | D:1      | Reached XP level 3. HP: 32/33 MP: 3/3
   858 | D:2      | Found a faded altar of an unknown god.
  1072 | D:2      | Reached XP level 4. HP: 38/40 MP: 4/4
  1646 | D:3      | Found a blossoming altar of Fedhas.
  2086 | D:3      | Found a shattered altar of Ashenzari.
  2145 | D:4      | Reached XP level 5. HP: 47/47 MP: 5/5
  2755 | D:4      | Reached skill level 5 in Axes
  3294 | D:5      | Entered Level 5 of the Dungeon
  3295 | D:5      | Became a worshipper of Beogh the Brigand
  3378 | D:5      | Reached XP level 6. HP: 22/55 MP: 6/6
  3678 | D:5      | Reached skill level 1 in Invocations
  3869 | D:5      | Reached skill level 5 in Fighting
  4020 | D:6      | Noticed a slave
  4021 | D:6      | Noticed Pikel
  4063 | D:6      | Noticed a slave
  4065 | D:6      | Noticed a slave
  4066 | D:6      | Noticed a slave
  4074 | D:6      | Mangled by Pikel

Levels and vault maps discovered:
D:1:      co_arrival_random_square_maze, layout_basic, kennysheep_flooded_box
D:2:      layout_loops_ring, chequers_ecumenical_altar_simple_redux
D:3:      layout_basic, marbit_many_paths, first_ration, fedhas_altar_4
D:4:      layout_gridville
D:5:      layout_rooms
D:6:      layout_gridville, minmay_temple_entry_enclosed_plants, serial_shops,
          nicolae_shop_trees, minmay_misc_feat_tiny, uniq_pikel

Skill      XL: |  1  2  3  4  5  6 |
---------------+-------------------+-----
Axes           | 3 4 5 |  5.8
Fighting       | 4 5 |  5.0
Armour         | 4 |  4.5
Shields        | 4 |  4.5
Invocations    | 1 |  1.4

Action                   |  1- 3 |  4- 6 || total
-------------------------+-------+-------++-------
Melee: War axe           |   108 |   176 ||   284
Invok: Convert to Beogh  |       |     1 ||     1
  Use: Scroll            |       |     6 ||     6
       Potion            |       |     4 ||     4
  Eat: Chunk             |     1 |     9 ||    10
Armor: Scale mail        |    55 |    89 ||   144
       Skin              |       |    11 ||    11
Dodge: Dodged            |    23 |    76 ||    99
Block: Shield            |    48 |   102 ||   150

Table legend:
 A = Non-vault XP
 B = Vault XP
 C = Vault XP percentage of total XP
 D = Non-vault monster count
 E = Vault monster count
 F = Vault count percentage of total count
                 A         B        C        D         E       F
            +---------+---------+-------+---------+---------+-------
      Total |     511 |       3 |   0.6 |      86 |       1 |   1.1
            +---------+---------+-------+---------+---------+-------
        D:1 |      71 |       0 |   0.0 |      33 |       0 |   0.0
        D:2 |      11 |       0 |   0.0 |       7 |       0 |   0.0
        D:3 |      69 |       3 |   4.2 |      25 |       1 |   3.8
        D:4 |     158 |       0 |   0.0 |      11 |       0 |   0.0
        D:5 |     200 |       0 |   0.0 |       9 |       0 |   0.0
        D:6 |       2 |       0 |   0.0 |       1 |       0 |   0.0
            +---------+---------+-------+---------+---------+-------
